 Dungeon Crawl Stone Soup version 0.32-a0-163-g159c032296 (webtiles) character file.

Game seed: 15457692303004338455

15221 cforsyth the Fighter (level 12, -20/90 HPs)
             Began as a Djinni Hexslinger on Feb 11, 2024.
             Was a High Priest of Hepliaklqana.
             Demolished by a reaper
             ... wielding a +3 scythe of freezing
              (33 damage)
             ... in a Gauntlet.
             The game lasted 00:23:35 (13342 turns).

cforsyth the Fighter (Djinni Hexslinger)           Turns: 13342, Time: 00:23:36

Health: -20/90     AC:  8    Str:  7    XL:     12   Next: 55%
Gold:   391        EV: 11    Int: 20    God:    Hepliaklqana [*****.] SH:  0 Dex: 16

rFire   + + .        a - +1 sling
rCold   . . .        (no shield)
rNeg    . . .        q - +0 troll leather armour
rPois   ∞            e - +1 helmet
rElec   .            (no cloak)
rCorr   +            k - +2 pair of gloves {hurl}
SInv    .            (boots unavailable)
Will    +....        (no amulet)
Stlth   +            R - ring of resist corrosion
HPRegen 1.15/turn    C - ring of protection from cold
MPRegen 0.00/turn

%: no teleportation, infuse magic (-21 HP)
@: flying
A: reduced essence, sickness immunity, fire resistance 2, cold vulnerability 1,
float, innate caster, HP casting, extra vitality 1
a: Renounce Religion, Recall Ancestor, Ancestor Identity, Transference, Idealise


You were in a Gauntlet.
You worshipped Hepliaklqana.
Hepliaklqana was extremely pleased with you.
You visited 2 branches of the dungeon, and saw 13 of its levels.
You also visited: Gauntlet.

You collected 1315 gold pieces.
You spent 924 gold pieces at shops.


Innate Abilities, Weirdness & Mutations

Your life essence is reduced to manifest your ancestor. (-10% HP)
You are immune to sickness and miasma.
You are immune to poison.
Your flesh is very heat resistant. (rF++)
You are vulnerable to cold. (rC-)
You float through the air rather than walking.
You learn spells naturally, not from books.
Your magical power is your life essence.
You have superior vitality. (+4 MHP)


   Skills:
 + Level 14.1 Fighting
 - Level 1.5 Ranged Weapons
 - Level 2.1 Dodging
 + Level 11.0 Spellcasting
 + Level 11.0 Conjurations
 + Level 11.0 Hexes
 + Level 11.0 Summonings
 + Level 11.0 Necromancy
 + Level 11.0 Translocations
 + Level 11.0 Fire Magic
 + Level 11.0 Ice Magic
 + Level 11.0 Air Magic
 + Level 11.0 Earth Magic
 + Level 11.0 Alchemy


You knew the following spells:

 Your Spells              Type           Power      Damage    Failure   Level
c - Cause Fear            Hex            26%        N/A       1%          4
d - Dazzling Flash        Conj/Hex       100%       N/A       1%          3
f - Inner Flame           Hex/Fire       53%        N/A       1%          3
i - Swiftness             Air            53%        N/A       1%          3
m - Magic Dart            Conj           100%       1d8       1%          1
B - Blink                 Tloc           100%       N/A       1%          2
S - Silence               Hex/Air        26%        N/A       2%          5
X - Jinxbite              Hex            100%       N/A       1%          2
Y - Sigil of Binding      Hex            53%        N/A       1%          3
Z - Dimensional Bullseye  Hex/Tloc       26%        N/A       1%          4
Your spell library was empty.

Inventory:

Hand Weapons
 a - a +1 sling (weapon)
 v - the +6 dagger of Uskayaw, Stopping {elec, rN+ MP+9 Str+4 Int-5}
   (You found it on level 4 of the Dungeon)

   Str+4:     It affects your strength (+4).
   Int-5:     It affects your intelligence (-5).
   rN+:       It protects you from negative energy.
   MP+9:      It affects your magic capacity (+9).
Missiles
 w - 3 throwing nets {=f}
Armour
 e - a +1 helmet (worn)
 k - a +2 pair of gloves of hurling (worn)
 q - a +0 troll leather armour (worn)
Jewellery
 c - a ring of ice
 C - a ring of protection from cold (right hand)
 R - a ring of resist corrosion (left hand)
Wands
 u - a wand of flame (22)
 D - a wand of quicksilver (6)
Scrolls
 b - 2 scrolls of poison
 d - 2 scrolls of enchant armour {unknown}
 g - a scroll of blinking
 h - 2 scrolls of brand weapon {unknown}
 i - 2 scrolls of revelation
 m - 2 scrolls of enchant weapon {unknown}
 n - 2 scrolls of fear {unknown}
 o - 8 scrolls of teleportation {@r2}
 r - 3 scrolls of noise
 y - 3 scrolls of torment {unknown}
Potions
 f - 2 potions of enlightenment
 j - 3 potions of brilliance
 l - a potion of resistance {unknown}
 p - 4 potions of curing {@q1}
 s - a potion of mutation
 t - 2 potions of might
 x - a potion of ambrosia
 z - a potion of invisibility
 B - a potion of berserk rage {!q}

Dungeon Overview and Level Annotations

Branches:
Dungeon (12/15)            Temple (0/1) D:7            Lair (1/5) D:9
    Orc (0/2) D:11        Gauntlet (1/1)

Altars:
Fedhas
Hepliaklqana
Makhleb
Nemelex Xobeh
Qazlal
Ru
Wu Jian
Jiyva
Lugonu

Shops:
D:1 =   D:11 ?   D:12 =

Annotations:
Gauntlet 11 transporters, 5 runed translucent doors

▒▒..▒.▓▓.▓▓t▒.▒y.▒©s..▒.▒xXX.xx.
▒≈..▒▒▒▒▒▒▒▒▒▒▒▒▒▒▒▒▒▒▒▒▒▒▒▒▒▒▒▒
▒▒▒...▒.©.........©.........©.▒.
▒≈...▒...........©...........▒.
▒▒▒..▒▒▒▒▒▒▒▒▒▒▒▒▒▒▒▒▒▒▒▒▒▒▒▒▒.
▒≈.........▒..|:©"..5▒........
▒▒▒........▒..▓...▓52▒........
▒≈▒≈▒≈▒..▒.▓▓▓▒▓▓▓.▒..▒≈▒≈▒≈
▒▒▒▒▒▒▒..▒▓@2▓.▓..▓▒..▒▒▒▒▒▒
▒≈..▒..5R©....▒..≈▒
▒▒▒▒▒▒▒..▒▓..▓.▓..▓▒..▒▒▒▒▒▒
▒≈▒≈▒≈▒..▒.▓▓...▓▓.▒..▒≈▒≈▒≈
▒▒▒§.......▒..▓...▓..▒........
▒≈.§.......▒...▓.▓..2▒........
▒▒▒..▒▒▒▒▒▒▒▒▒▒▒▒▒▒▒▒▒▒▒▒▒▒▒▒▒.
▒≈...▒...........©...........▒.
▒▒▒§..▒.©.........©.........©.▒.


You could see the friendly Senakhtenre the knight, a reaper (ally target) and a
shadow imp.


Message History

The reaper drags you backwards! The reaper freezes you!
* * * LOW HITPOINT WARNING * * *
You feel much better. The reaper barely misses you.
The shadow imp hits you but does no damage.
Senakhtenre hits the reaper with a +0 flail!
You feel much better.
The reaper hits you with a +3 scythe of freezing!!
* * * LOW HITPOINT WARNING * * *
The reaper freezes you!
* * * LOW HITPOINT WARNING * * *
The shadow imp barely misses you.
You feel much better.
The reaper hits you with a +3 scythe of freezing!
* * * LOW HITPOINT WARNING * * *
The reaper freezes you.
* * * LOW HITPOINT WARNING * * *
Senakhtenre hits the reaper but does no damage.
The shadow imp misses you.
Okay, then.
You no longer feel sluggish.
The reaper hits you from afar with a +3 scythe of freezing!
* * * LOW HITPOINT WARNING * * *
The reaper drags you backwards! The reaper freezes you.
* * * LOW HITPOINT WARNING * * *
The shadow imp hits you.
* * * LOW HITPOINT WARNING * * *
Senakhtenre hits the reaper but does no damage.
The reaper hits you with a +3 scythe of freezing!!
You die...
Hepliaklqana delivers you to your ancestors.

Skill      XL: |  1  2  3  4  5  6  7  8  9 10 11 12 |
---------------+-------------------------------------+-----
Spellcasting   | 3 4 5 6 7 9 10 11 | 11.0
Conjurations   | 3 4 5 6 7 9 10 11 | 11.0
Hexes          | 3 4 5 6 7 9 10 11 | 11.0
Summonings     | 3 4 5 6 7 9 10 11 | 11.0
Necromancy     | 3 4 5 6 7 9 10 11 | 11.0
Translocations | 3 4 5 6 7 9 10 11 | 11.0
Fire Magic     | 3 4 5 6 7 9 10 11 | 11.0
Ice Magic      | 3 4 5 6 7 9 10 11 | 11.0
Air Magic      | 3 4 5 6 7 9 10 11 | 11.0
Earth Magic    | 3 4 5 6 7 9 10 11 | 11.0
Alchemy        | 3 4 5 6 7 9 10 11 | 11.0
Fighting       | 2 3 4 6 7 9 11 13 14 | 14.1
Ranged Weapons | |  1.5
Dodging        | |  2.1

Action                     |  1- 3 |  4- 6 |  7- 9 | 10-12 || total
---------------------------+-------+-------+-------+-------++-------
   Fire: Sling             |    66 |    39 |     1 |     3 ||   109
   Cast: Magic Dart        |    20 |    62 |   102 |   231 ||   415
         Inner Flame       |       |    16 |    49 |    85 ||   150
         Blink             |       |     2 |       |     1 ||     3
         Cause Fear        |       |     1 |       |     2 ||     3
         Jinxbite          |       |       |       |    10 ||    10
         Swiftness         |       |       |       |     1 ||     1
 Invoke: Ancestor Life: Kn |       |       |     1 |       ||     1
         Recall Ancestor   |       |       |       |     2 ||     2
    Use: Potion            |       |     2 |       |     3 ||     5
         Scroll            |       |       |       |    13 ||    13
 Armour: Robe              |    19 |    22 |    20 |     7 ||    68
         Troll leather arm |       |       |       |    64 ||    64
  Dodge: Dodged            |    32 |    29 |    10 |    38 ||   109

Levels and vault maps discovered:
D:1:      elethiomel_arrival_infinity_welcomes_careful_drivers, layout_basic,
          serial_shops, nicolae_shop_waterfront
D:2:      minmay_wonky_spiral, layout_loops_corners, minmay_tromino_i2
D:3:      layout_basic, mainiacjoe_overflow_small_starburst,
          ebering_ecumenical_altar_webs, uniq_jessica
D:4:      layout_loops_ring, grunt_temple_overflow_lords_of_destruction,
          mainiacjoe_overflow_chevrons, beargit_hepliaklqana_dungeon_heroes
D:5:      layout_cave_pools, uniq_pikel
D:6:      layout_loops_corners, nicolae_ru_awakened_eye, serial_glass,
          glass_columns_a, glass_columns_b
D:7:      nicolae_cairo_tiling_very_big, layout_basic,
          minmay_temple_entry_gardened_gates
D:8:      layout_basic, mainiacjoe_overflow_alcove_4, serial_glass,
          glass_columns_a, glass_columns_c, serial_bayou_lagoon_a
D:9:      layout_big_octagon, mainiacjoe_overflow_concentric_impassable,
          dpeg_oklobed_lair, chequers_serial_rivers_micro_e
D:10:     gammafunk_jiyva_shrine, layout_basic, lemuel_coloured_pillars_altar,
          serial_curves, eino_curves_03, eino_curves_02, uniq_grum, uniq_fannar
D:11:     wad_pebble_path, layout_irregular_city, orc_0_dummy, serial_shops,
          nicolae_shop_rolled_up
D:12:     kennysheep_kobold_lugonu_temple, layout_cave_pods, serial_shops, shop
Lair:1:   layout_gridlike, gauntlet_entry_generic
Gauntlet: gammafunk_gauntlet_mixed_choke_point [minmay_gauntlet_arena_77_box,
          minmay_gauntlet_arena_77_cramped, minmay_gauntlet_arena_77_braids,
          gammafunk_gauntlet_arena_chambers,
          minmay_gauntlet_arena_77_tiled_triplets,
          minmay_gauntlet_arena_77_run_for_it,
          minmay_gauntlet_arena_77_chump_sandwich, gauntlet_exit_hidden_loot]

Notes
Turn   | Place    | Note
-------+----------+-------------------------------------------
     0 | D:1      | cforsyth the Djinni Hexslinger began the quest for the Orb.
     0 | D:1      | cforsyth set off with the following spells memorised:
                  | Jinxbite, Sigil of Binding, Inner Flame, Cause Fear,
                  | Dimensional Bullseye.
     0 | D:1      | Reached XP level 1. HP: 17/17 MP: 0/0
    95 | D:1      | Found Nusch's Jewellery Emporium.
   333 | D:1      | Reached XP level 2. HP: 22/22 MP: 0/0
   954 | D:2      | Reached skill level 3 in Spellcasting
   954 | D:2      | Reached skill level 3 in Conjurations
   954 | D:2      | Reached skill level 3 in Hexes
   954 | D:2      | Reached skill level 3 in Summonings
   954 | D:2      | Reached skill level 3 in Necromancy
   954 | D:2      | Reached skill level 3 in Translocations
   954 | D:2      | Reached skill level 3 in Fire Magic
   954 | D:2      | Reached skill level 3 in Ice Magic
   954 | D:2      | Reached skill level 3 in Air Magic
   954 | D:2      | Reached skill level 3 in Earth Magic
   954 | D:2      | Reached skill level 3 in Alchemy
  1085 | D:2      | Reached skill level 2 in Fighting
  1085 | D:2      | Reached XP level 3. HP: 26/28 MP: 0/0
  1085 | D:2      | Learned a level 1 spell: Magic Dart
  1550 | D:2      | Reached XP level 4. HP: 32/34 MP: 0/0
  2072 | D:3      | Found a faded altar of an unknown god.
  2107 | D:3      | Prayed at the altar of an unknown god.
  2107 | D:3      | Became a worshipper of Hepliaklqana the Forgotten
  2107 | D:3      | Reached * piety under Hepliaklqana
  2129 | D:3      | Noticed Jessica
  2145 | D:3      | Killed Jessica
  2146 | D:3      | Reached skill level 3 in Fighting
  2310 | D:3      | Reached XP level 5. HP: 36/36 MP: 0/0
  2310 | D:3      | Learned a level 2 spell: Blink
  3006 | D:4      | Reached skill level 4 in Fighting
  3006 | D:4      | Reached skill level 4 in Spellcasting
  3006 | D:4      | Reached skill level 4 in Conjurations
  3006 | D:4      | Reached skill level 4 in Hexes
  3006 | D:4      | Reached skill level 4 in Summonings
  3006 | D:4      | Reached skill level 4 in Necromancy
  3006 | D:4      | Reached skill level 4 in Translocations
  3006 | D:4      | Reached skill level 4 in Fire Magic
  3006 | D:4      | Reached skill level 4 in Ice Magic
  3006 | D:4      | Reached skill level 4 in Air Magic
  3006 | D:4      | Reached skill level 4 in Earth Magic
  3006 | D:4      | Reached skill level 4 in Alchemy
  3006 | D:4      | Reached XP level 6. HP: 26/42 MP: 0/0
  3024 | D:4      | HP: 2/42 [gnoll/+0 halberd[a gnoll bouda] (6)]
  3422 | D:4      | Found a blossoming altar of Fedhas.
  3774 | D:4      | Found a burning altar of Makhleb.
  3789 | D:4      | Reached XP level 7. HP: 36/47 MP: 0/0
  3789 | D:4      | Learned a level 3 spell: Swiftness
  3845 | D:4      | Identified the +6 dagger of Uskayaw, Stopping {elec, rN+
                  | MP+9 Str+4 Int-5}
  3942 | D:4      | Found a hazy altar of Hepliaklqana.
  3943 | D:4      | Found a faded altar of an unknown god.
  3943 | D:4      | Noticed Blork the orc
  3952 | D:4      | Killed Blork the orc
  3953 | D:4      | Reached skill level 5 in Fighting
  4078 | D:5      | Entered Level 5 of the Dungeon
  4408 | D:5      | Reached skill level 5 in Spellcasting
  4408 | D:5      | Reached skill level 5 in Conjurations
  4408 | D:5      | Reached skill level 5 in Hexes
  4408 | D:5      | Reached skill level 5 in Summonings
  4408 | D:5      | Reached skill level 5 in Necromancy
  4408 | D:5      | Reached skill level 5 in Translocations
  4408 | D:5      | Reached skill level 5 in Fire Magic
  4408 | D:5      | Reached skill level 5 in Ice Magic
  4408 | D:5      | Reached skill level 5 in Air Magic
  4408 | D:5      | Reached skill level 5 in Earth Magic
  4408 | D:5      | Reached skill level 5 in Alchemy
  4634 | D:5      | Reached skill level 6 in Fighting
  4634 | D:5      | Reached XP level 8. HP: 49/54 MP: 0/0
  4731 | D:5      | Noticed Pikel
  4738 | D:5      | Killed Pikel
  4739 | D:5      | Reached skill level 7 in Fighting
  4739 | D:5      | Reached skill level 6 in Spellcasting
  4739 | D:5      | Reached skill level 6 in Conjurations
  4739 | D:5      | Reached skill level 6 in Hexes
  4739 | D:5      | Reached skill level 6 in Summonings
  4739 | D:5      | Reached skill level 6 in Necromancy
  4739 | D:5      | Reached skill level 6 in Translocations
  4739 | D:5      | Reached skill level 6 in Fire Magic
  4739 | D:5      | Reached skill level 6 in Ice Magic
  4739 | D:5      | Reached skill level 6 in Air Magic
  4739 | D:5      | Reached skill level 6 in Earth Magic
  4739 | D:5      | Reached skill level 6 in Alchemy
  4913 | D:5      | Reached ** piety under Hepliaklqana
  4914 | D:5      | Remembered your ancestor Senakhtenre as a knight
  5064 | D:6      | Reached XP level 9. HP: 50/62 MP: 0/0
  5064 | D:6      | Learned a level 3 spell: Dazzling Flash
  5193 | D:6      | Reached skill level 8 in Fighting
  5530 | D:6      | Found a sacrificial altar of Ru.
  6142 | D:7      | Reached skill level 7 in Spellcasting
  6142 | D:7      | Reached skill level 7 in Conjurations
  6142 | D:7      | Reached skill level 7 in Hexes
  6142 | D:7      | Reached skill level 7 in Summonings
  6142 | D:7      | Reached skill level 7 in Necromancy
  6142 | D:7      | Reached skill level 7 in Translocations
  6142 | D:7      | Reached skill level 7 in Fire Magic
  6142 | D:7      | Reached skill level 7 in Ice Magic
  6142 | D:7      | Reached skill level 7 in Air Magic
  6142 | D:7      | Reached skill level 7 in Earth Magic
  6142 | D:7      | Reached skill level 7 in Alchemy
  6221 | D:7      | Found a staircase to the Ecumenical Temple.
  6264 | D:7      | Reached skill level 9 in Fighting
  6767 | D:7      | Reached *** piety under Hepliaklqana
  7211 | D:8      | Reached XP level 10. HP: 66/70 MP: 0/0
  7329 | D:8      | Found an ornate altar of the Wu Jian Council.
  7538 | D:8      | Reached skill level 10 in Fighting
  7622 | D:8      | Reached skill level 8 in Spellcasting
  7622 | D:8      | Reached skill level 8 in Conjurations
  7622 | D:8      | Reached skill level 8 in Hexes
  7622 | D:8      | Reached skill level 8 in Summonings
  7622 | D:8      | Reached skill level 8 in Necromancy
  7622 | D:8      | Reached skill level 8 in Translocations
  7622 | D:8      | Reached skill level 8 in Fire Magic
  7622 | D:8      | Reached skill level 8 in Ice Magic
  7622 | D:8      | Reached skill level 8 in Air Magic
  7622 | D:8      | Reached skill level 8 in Earth Magic
  7622 | D:8      | Reached skill level 8 in Alchemy
  7994 | D:9      | Found a sparkling altar of Nemelex Xobeh.
  8059 | D:9      | You are sucked into a shaft and drop 1 floor!
  8059 | D:10     | Entered Level 10 of the Dungeon
  8242 | D:9      | Noticed a gargoyle
  8263 | D:9      | Killed a gargoyle
  8365 | D:9      | Reached **** piety under Hepliaklqana
  8527 | D:9      | Reached skill level 11 in Fighting
  8624 | D:9      | Found a staircase to the Lair.
  9035 | D:10     | Noticed a two-headed ogre
  9041 | D:10     | Killed a two-headed ogre
  9042 | D:10     | Reached skill level 9 in Spellcasting
  9042 | D:10     | Reached skill level 9 in Conjurations
  9042 | D:10     | Reached skill level 9 in Hexes
  9042 | D:10     | Reached skill level 9 in Summonings
  9042 | D:10     | Reached skill level 9 in Necromancy
  9042 | D:10     | Reached skill level 9 in Translocations
  9042 | D:10     | Reached skill level 9 in Fire Magic
  9042 | D:10     | Reached skill level 9 in Ice Magic
  9042 | D:10     | Reached skill level 9 in Air Magic
  9042 | D:10     | Reached skill level 9 in Earth Magic
  9042 | D:10     | Reached skill level 9 in Alchemy
  9042 | D:10     | Reached XP level 11. HP: 67/78 MP: 0/0
  9042 | D:10     | Learned a level 5 spell: Silence
  9074 | D:10     | Found a transporter.
  9117 | D:10     | Found a stormy altar of Qazlal.
  9288 | D:10     | Noticed Fannar
  9407 | D:10     | Killed Fannar
  9456 | D:10     | Noticed Grum
  9466 | D:10     | Killed Grum
  9467 | D:10     | Reached skill level 12 in Fighting
  9713 | D:10     | Found a viscous altar of Jiyva.
  9843 | D:10     | Noticed a great orb of eyes
  9845 | D:10     | Found a transporter.
 10169 | D:11     | Noticed a manticore
 10174 | D:11     | Killed a manticore
 10263 | D:11     | Noticed a manticore
 10268 | D:11     | Killed a manticore
 10358 | D:11     | Found a staircase to the Orcish Mines.
 10515 | D:11     | Reached ***** piety under Hepliaklqana
 10700 | D:11     | Found Dogu Vat's Magic Scroll Emporium.
 10767 | D:12     | Found a corrupted altar of Lugonu.
 11005 | D:12     | Reached skill level 10 in Spellcasting
 11005 | D:12     | Reached skill level 10 in Conjurations
 11005 | D:12     | Reached skill level 10 in Hexes
 11005 | D:12     | Reached skill level 10 in Summonings
 11005 | D:12     | Reached skill level 10 in Necromancy
 11005 | D:12     | Reached skill level 10 in Translocations
 11005 | D:12     | Reached skill level 10 in Fire Magic
 11005 | D:12     | Reached skill level 10 in Ice Magic
 11005 | D:12     | Reached skill level 10 in Air Magic
 11005 | D:12     | Reached skill level 10 in Earth Magic
 11005 | D:12     | Reached skill level 10 in Alchemy
 11082 | D:12     | Found Ihoq's Jewellery Shop.
 11205 | D:12     | Noticed a two-headed ogre
 11210 | D:12     | Killed a two-headed ogre
 11213 | D:12     | Noticed a green ugly thing
 11217 | D:12     | Reached skill level 13 in Fighting
 11220 | D:12     | Killed a green ugly thing
 11386 | D:12     | Reached XP level 12. HP: 86/88 MP: 0/0
 11673 | D:12     | Noticed a two-headed ogre
 11681 | D:12     | Killed a two-headed ogre
 12134 | D:11     | Bought a scroll of acquirement for 728 gold pieces
 12134 | D:11     | Acquired 561 gold pieces
 12136 | D:11     | Bought a scroll of identify for 28 gold pieces
 12136 | D:11     | Bought a scroll of teleportation for 42 gold pieces
 12136 | D:11     | Bought a scroll of teleportation for 42 gold pieces
 12136 | D:11     | Bought a scroll of teleportation for 42 gold pieces
 12136 | D:11     | Bought a scroll of teleportation for 42 gold pieces
 12768 | D:10     | Killed a great orb of eyes
 12799 | D:10     | Identified the ring "Mearror" {Fly Int+2}
 12860 | Lair:1   | Entered Level 1 of the Lair of Beasts
 12895 | Lair:1   | Reached skill level 14 in Fighting
 12895 | Lair:1   | Reached skill level 11 in Spellcasting
 12895 | Lair:1   | Reached skill level 11 in Conjurations
 12895 | Lair:1   | Reached skill level 11 in Hexes
 12895 | Lair:1   | Reached skill level 11 in Summonings
 12895 | Lair:1   | Reached skill level 11 in Necromancy
 12895 | Lair:1   | Reached skill level 11 in Translocations
 12895 | Lair:1   | Reached skill level 11 in Fire Magic
 12895 | Lair:1   | Reached skill level 11 in Ice Magic
 12895 | Lair:1   | Reached skill level 11 in Air Magic
 12895 | Lair:1   | Reached skill level 11 in Earth Magic
 12895 | Lair:1   | Reached skill level 11 in Alchemy
 12937 | Lair:1   | Found a gate leading to a gauntlet.
 12969 | Gauntlet | Entered a Gauntlet
 12969 | Gauntlet | Noticed a catoblepas
 12969 | Gauntlet | Found a transporter.
 12969 | Gauntlet | Found a transporter.
 12969 | Gauntlet | Found a runed translucent door.
 12969 | Gauntlet | Found a runed translucent door.
 12981 | Gauntlet | Found a transporter.
 12993 | Gauntlet | Noticed a tengu warrior
 12994 | Gauntlet | Found a transporter.
 13008 | Gauntlet | Noticed a reaper
 13012 | Gauntlet | Found a transporter.
 13012 | Gauntlet | Found a transporter.
 13014 | Gauntlet | Found a transporter.
 13014 | Gauntlet | Found a transporter.
 13015 | Gauntlet | Found a transporter.
 13016 | Gauntlet | Noticed a large abomination
 13029 | Gauntlet | Found a transporter.
 13044 | Gauntlet | Found a runed translucent gate.
 13045 | Gauntlet | Found a transporter.
 13045 | Gauntlet | Found a runed translucent gate.
 13046 | Gauntlet | Found a runed translucent gate.
 13054 | Gauntlet | Noticed a ghost crab
 13055 | Gauntlet | Found a transporter.
 13072 | Gauntlet | Found a transporter.
 13090 | Gauntlet | Found a transporter.
 13102 | Gauntlet | Noticed a fire crab
 13342 | Gauntlet | Demolished by a reaper

Vanquished Creatures
  A great orb of eyes (D:10)
  Fannar (D:10)
  2 two-headed ogres
  Pikel (D:5)
  A lindwurm (Lair:1)
  An ugly thing (D:12)
  2 manticores (D:11)
  A cane toad (Lair:1)
  A gargoyle (D:9)
  3 kobold demonologists (D:12)
  A rime drake (Lair:1)
  A troll (D:10)
  A hornet (D:10)
  7 slime creatures
  A shadow (D:11)
  3 vampires
  3 wraiths
  2 steam dragons
  2 basilisks
  2 orc warriors
  3 ice beasts
  2 sky beasts
  A black bear (D:8)
  3 wolves (D:10)
  A centaur (D:5)
  2 ogres
  A phantom (D:6)
  2 kobold brigands
  2 lemures (D:5)
  3 bullfrogs
  Blork the orc (D:4)
  2 scorpions
  6 wights (D:7)
  3 killer bees (D:8)
  2 howler monkeys
  3 electric eels (D:8)
  A gnoll bouda (D:4)
  3 orc priests
  2 hounds (D:5)
  A sleepcap (D:6)
  Jessica (D:3)
  3 iguanas (D:6)
  4 orc wizards
  12 gnolls
  12 adders
  3 shadow imps
  2 dart slugs
  A ribbon worm (D:3)
  17 orcs
  5 endoplasms
  3 giant cockroaches (D:2)
  5 goblins
  6 hobgoblins
  4 jackals (D:2)
  6 kobolds
  3 quokkas
  4 bats
  2 frilled lizards (D:2)
  3 rats
177 creatures vanquished.

Vanquished Creatures (collateral kills)
  A two-headed ogre (D:12)
  3 komodo dragons
  A vampire (D:12)
  2 slime creatures (D:10)
  Grum (D:10)
  A shadow (D:12)
  A water moccasin (D:7)
  A bullfrog (D:9)
  2 wights (D:7)
  A killer bee (D:8)
  A bombardier beetle (D:7)
  A crimson imp (D:4)
  A gnoll bouda (D:5)
  A jelly (D:8)
  A gnoll (D:5)
  An orc (D:3)
  A goblin (D:3)
  A rat (D:3)
22 creatures vanquished.

Vanquished Creatures (others)
  6 knights
  2 ancestors (D:4)
8 creatures vanquished.

Grand Total: 207 creatures vanquished

Table legend: (Time is in decaauts)
 A = Elapsed time spent in this place.
 B = Non-inter-level travel time spent in this place.
 C = Inter-level travel time spent in this place.
 D = Time resting spent in this place.
 E = Time spent auto-exploring this place.
 F = Levels seen in this place.
 G = Mean time per level.
                   A        B        C        D        E       F      G
               +--------+--------+--------+--------+--------+-----+--------+
         Total |  13381 |  12862 |    519 |   1219 |   9577 |  14 |  955.8 |
       Dungeon |  12900 |  12381 |    519 |   1196 |   9448 |  12 | 1075.0 |
          Lair |    109 |    109 |      0 |     23 |      4 |   1 |  109.0 |
      Gauntlet |    371 |    371 |      0 |      0 |    125 |   1 |  371.0 |
               +--------+--------+--------+--------+--------+-----+--------+

Top non-repeatable levels by time:
    D:10: 2041 daAuts
    D:12: 1383 daAuts
     D:4: 1366 daAuts
     D:3: 1077 daAuts
     D:2: 1040 daAuts
     D:7: 994 daAuts
     D:6: 969 daAuts
     D:8: 949 daAuts
     D:1: 929 daAuts
     D:9: 748 daAuts
    D:11: 724 daAuts
     D:5: 675 daAuts
Gauntlet: 371 daAuts
  Lair:1: 109 daAuts

Table legend:
 A = Non-vault XP
 B = Vault XP
 C = Vault XP percentage of total XP
 D = Non-vault monster count
 E = Vault monster count
 F = Vault count percentage of total count
                 A         B        C        D         E       F
            +---------+---------+-------+---------+---------+-------
      Total |   17440 |    4305 |  19.8 |     177 |      20 |  10.2
            +---------+---------+-------+---------+---------+-------
        D:1 |      16 |       0 |   0.0 |      10 |       0 |   0.0
        D:2 |      39 |      20 |  33.9 |      14 |       5 |  26.3
        D:3 |      86 |      37 |  30.1 |      15 |       1 |   6.2
        D:4 |     311 |     137 |  30.6 |      23 |       2 |   8.0
        D:5 |     663 |     663 |  50.0 |      15 |       1 |   6.2
        D:6 |     650 |       0 |   0.0 |      11 |       0 |   0.0
        D:7 |    1224 |       0 |   0.0 |      16 |       0 |   0.0
        D:8 |    1193 |       0 |   0.0 |      27 |       0 |   0.0
        D:9 |    1457 |       0 |   0.0 |      12 |       0 |   0.0
       D:10 |    4056 |    2315 |  36.3 |      14 |       6 |  30.0
       D:11 |    2029 |       0 |   0.0 |       6 |       0 |   0.0
       D:12 |    3804 |    1111 |  22.6 |       9 |       3 |  25.0
     Lair:1 |    1912 |       0 |   0.0 |       5 |       0 |   0.0
   Gauntlet |       0 |      22 | 100.0 |       0 |       2 | 100.0
            +---------+---------+-------+---------+---------+-------
